 Dungeon Crawl Stone Soup version 0.32-a0-666-ge8a88695a4 (webtiles) character file.

Game seed: 9584251913488675127

71 Sabo the Charlatan (level 4, -1/32 HPs)
             Began as a Coglin Artificer on Mar 9, 2024.
             Slain by an iguana (12 damage)
             ... on level 4 of the Dungeon on Mar 10, 2024.
             The game lasted 00:14:51 (3191 turns).

Sabo the Charlatan (Coglin Artificer)               Turns: 3191, Time: 00:14:52

Health: -1/32      AC:  7    Str: 15    XL:     4   Next: 24%
Magic:  4/4        EV: 11    Int: 10    God:
Gold:   84         SH:  0    Dex: 14    Spells: 3/3 levels left

rFire   . . .        u - +0 spear {Chikashi}
rCold   . . .        s - +0 short sword {Zorana}
rNeg    . . .        m - +0 ring mail
rPois   .            i - +1 helmet
rElec   .            (no cloak)
rCorr   .            (no gloves)
SInv    .            (no boots)
Will    .....        (amulet unavailable)
Stlth   +            (ring unavailable)
HPRegen 0.25/turn    (ring unavailable)
MPRegen 0.09/turn    (no gizmo)

%: no passive effects
@: revved
A: off-hand wielding, slow wielding, warmup strikes, no jewellery
a: Invent Gizmo


You were on level 4 of the Dungeon.
You visited 1 branch of the dungeon, and saw 4 of its levels.

You collected 126 gold pieces.
You spent 42 gold pieces at shops.

Inventory:

Hand Weapons
 s - a +0 short sword (offhand) {Zorana}
 u - a +0 spear (weapon) {Chikashi}
Missiles
 h - 8 poisoned darts (quivered)
Armour
 i - a +1 helmet (worn)
 m - a +0 ring mail (worn)
Wands
 c - a wand of flame (15)
 d - a wand of charming (15)
 e - a wand of iceblast (5)
Scrolls
 g - 3 scrolls of teleportation
 o - a scroll of silence {unknown}
 p - a scroll of torment {unknown}
 q - a scroll of butterflies {unknown}
 t - a scroll of fear {unknown}
Potions
 j - a potion of invisibility {unknown}
 k - 2 potions of degeneration {unknown}
 r - 3 potions of curing


   Skills:
 + Level 1.2 Fighting
 + Level 0.9 Short Blades
 + Level 1.1 Maces & Flails
 + Level 2.5 Armour
 + Level 1.4 Dodging
 + Level 0.8 Stealth
 + Level 4.7 Evocations


You had 3 spell levels left.
You didn't know any spells.
Your spell library contained the following spells:

 Spells                   Type           Power      Damage    Failure   Level
 Magic Dart               Conj           0%         1d3       58%         1
 Blink                    Tloc           0%         N/A       73%         2
 Call Imp                 Summ           0%         N/A       73%         2


Dungeon Overview and Level Annotations

Branches:
Dungeon (4/15)
 Temple: D:4-7

Altars:

Shops:
D:3 !

Annotations:
D:4 Eustachio


Innate Abilities, Weirdness & Mutations

You can wield a second weapon in your off-hand.
It takes a long time for you to wield or remove held weapons.
Your first few attacks do less damage.
You cannot equip rings or amulets.


Message History

The river rat barely misses you. The iguana closely misses you.
You barely miss the river rat with your +0 short sword.
You closely miss the river rat with your +0 spear.
Eustachio mumbles some strange words.
The river rat bites you but does no damage.
The iguana misses you.
You closely miss the river rat with your +0 spear.
You hit the river rat but do no damage.
Eustachio gestures wildly while chanting.
Eustachio blinks!
The iguana completely misses you. The river rat bites you.
The white imp closely misses you.
You barely miss the river rat with your +0 spear.
You hit the river rat with your +0 short sword.
The river rat misses you. The iguana barely misses you.
The shadow imp summons a swarm of flies.
The white imp hits you but does no damage.
You hit the river rat but do no damage.
The river rat is moderately wounded.
You closely miss the river rat with your +0 spear.
The iguana bites you.
The river rat bites you but does no damage.
The shadow imp hits you but does no damage.
The white imp gestures at you.
The puff of frost hits you but does no damage.
You barely miss the white imp with your +0 short sword.
You hit the white imp but do no damage.
Eustachio casts a spell.
Eustachio blinks!
The iguana bites you but does no damage.
The river rat bites you but does no damage.
The shadow imp hits you. The white imp closely misses you.
You hit the white imp with your +0 spear.
The white imp is lightly wounded.
You closely miss the white imp with your +0 short sword.
The iguana bites you! The river rat closely misses you. The white imp hits you.
The white imp freezes you. The shadow imp misses you.
You closely miss the white imp with your +0 spear.
The white imp is lightly wounded.
You hit the white imp but do no damage. The iguana bites you!
You die...

,,,*,,,,,,,,,.....**,,....**,,,,,
,,,*,,,,,,,.......*****+##**,,,,,
,,,*,,,,,.o.......*,,,,,,,,,,,,,,
,,,*,,,,,,........+,,,,,,,,,,,,,*
,,,*,,,,,,,.......*,,,,,,,,,,,,,*
,,,***,,***#.**,,,**,,,,.,**,,,,*
******,,####.######*,,...,**,,,,*
,,,,,,,,.........5##.....,**,,,,,
,,,,,,,,........@r'......,*,,,,,,
,,,,,,,,........5l#......,*,,,,,,
,,,,,,,,..........#,.....,+,,,,,,
,,,,****####......#*,....,**,,,,,
******,,,###......#*,,...,**,,,**
,,,,*,,,,#.....@..#,,,,..,**,,,**
,,,,+,,,,#........#,,,,,.,*,,,,*,
,,,,*,,,,+........#,,,,,,,*,,,,*,
,,,,*,,,,#........#*****+***,,,*,


You could see Eustachio, an iguana, a river rat (summoned), a white imp
(summoned) and a shadow imp (summoned).

Vanquished Creatures
  2 adders (D:4)
  A dart slug (D:3)
  2 orcs (D:3)
  3 bats
  5 endoplasms
  3 giant cockroaches
  2 goblins
  4 hobgoblins
  4 jackals
  2 quokkas
  4 ball pythons (D:2)
  3 frilled lizards
  4 kobolds
  7 rats
46 creatures vanquished.

Notes
Turn   | Place    | Note
-------+----------+-------------------------------------------
     0 | D:1      | Sabo the Coglin Artificer began the quest for the Orb.
     0 | D:1      | Reached XP level 1. HP: 15/15 MP: 1/1
   323 | D:1      | Reached skill level 1 in Dodging
   323 | D:1      | Reached XP level 2. HP: 21/21 MP: 2/2
  1126 | D:2      | Reached XP level 3. HP: 20/26 MP: 3/3
  1907 | D:3      | Found Reboanih's Distillery.
  1916 | D:3      | Bought a potion of curing for 42 gold pieces
  3149 | D:4      | Reached XP level 4. HP: 28/32 MP: 4/4
  3174 | D:4      | Noticed Eustachio
  3179 | D:4      | Reached skill level 1 in Maces & Flails
  3191 | D:4      | Slain by an iguana

Illustrated notes

Levels and vault maps discovered:
D:1:      minmay_arrival_glassed_features, layout_basic
D:2:      layout_basic
D:3:      layout_basic, serial_shops, shop, chequers_serial_rivers_micro_c,
          kennysheep_potato
D:4:      layout_gridville, mainiacjoe_overflow_concentric_impassable,
          zin_academy, cheibrodos_sewer_entry_bend, uniq_eustachio

Skill      XL: |  1  2  3  4 |
---------------+-------------+-----
Dodging        | 1 |  1.4
Armour         | 2 |  2.5
Maces & Flails | 1 |  1.1
Fighting       | |  1.2
Short Blades   | |  0.9
Stealth        | |  0.8
Evocations     | |  4.7

Action                     |  1- 3 |  4- 6 || total
---------------------------+-------+-------++-------
  Melee: Dagger            |   114 |       ||   114
         Club              |   127 |       ||   127
         Short sword       |    22 |    14 ||    36
         Spear             |     8 |    14 ||    22
    Use: Scroll            |     6 |       ||     6
 Armour: Leather armour    |    29 |       ||    29
         Ring mail         |    92 |    14 ||   106
  Dodge: Dodged            |    96 |    14 ||   110

Table legend: (Time is in decaauts)
 A = Elapsed time spent in this place.
 B = Non-inter-level travel time spent in this place.
 C = Inter-level travel time spent in this place.
 D = Time resting spent in this place.
 E = Time spent auto-exploring this place.
 F = Levels seen in this place.
 G = Mean time per level.
                   A        B        C        D        E       F      G
               +--------+--------+--------+--------+--------+-----+--------+
         Total |   3209 |   3209 |      0 |    304 |      0 |   4 |  802.2 |
       Dungeon |   3209 |   3209 |      0 |    304 |      0 |   4 |  802.2 |
               +--------+--------+--------+--------+--------+-----+--------+

Top non-repeatable levels by time:
     D:3: 1297 daAuts
     D:2: 978 daAuts
     D:1: 867 daAuts
     D:4: 65 daAuts
